 Dungeon Crawl Stone Soup version 0.31.0 (webtiles) character file.

Game seed: 13614954153072890783

67 qw the Shooter (level 4, -1/28 HPs)
             Began as a Gargoyle Hunter on Jan 19, 2024.
             Slain by Grinder (2 damage)
             ... while paralysed by Grinder
             ... on level 3 of the Dungeon.
             The game lasted 00:00:06 (2006 turns).

qw the Shooter (Gargoyle Hunter)                    Turns: 2006, Time: 00:00:07

Health: -1/28      AC: 10    Str: 14    XL:     4   Next: 16%
Magic:  4/4        EV: -1    Int: 10    God:
Gold:   149        SH:  0    Dex: 15    Spells: 3/3 levels left

rFire   . . .        c - +0 orcbow
rCold   . . .        (shield currently unavailable)
rNeg    + . .        i - +0 ring mail
rPois   inf          (no helmet)
rElec   +            (no cloak)
rCorr   +            h - +0 pair of gloves
SInv    .            e - +0 pair of boots
Will    .....        (no amulet)
Stlth   +            l - ring of resist corrosion
HPRegen 0.24/turn    (no ring)
MPRegen 0.09/turn

%: no passive effects
@: paralysed, constricted
A: sickness immunity, AC +3, negative energy resistance 1, electricity
resistance, torment resistance 1, petrification resistance
a: no special abilities


You were on level 3 of the Dungeon.
You visited 1 branch of the dungeon, and saw 3 of its levels.

You collected 149 gold pieces.


Innate Abilities, Weirdness & Mutations

You are immune to sickness and miasma.
Your stone body is resilient. (AC +3)
You are immune to poison.
You resist negative energy. (rN+)
You are resistant to electric shocks. (rElec)
You are resistant to unholy torment.
You are immune to petrification.


   Skills:
 - Level 3.0 Fighting
 + Level 5.1 Ranged Weapons
 - Level 1.0 Armour
 - Level 1.5 Dodging
 - Level 1.1 Stealth


You had 3 spell levels left.
You didn't know any spells.
Your spell library was empty.

Inventory:

Hand Weapons
 c - a +0 orcbow (weapon)
Armour
 e - a +0 pair of boots (worn)
 h - a +0 pair of gloves (worn)
 i - a +0 ring mail (worn)
Jewellery
 a - a +4 ring of protection
 l - a ring of resist corrosion (left hand)
Scrolls
 m - a scroll of teleportation
Potions
 b - a potion of enlightenment {unknown}
 d - a potion of degeneration {unknown}
 j - a potion of curing {unknown}

Dungeon Overview and Level Annotations

Branches:
Dungeon (3/15)

Altars:
Xom

Annotations:
D:3 Grinder


Message History

The adder closely misses you.
The giant cockroach bites you but does no damage.
The adder bites you but does no damage.
You shoot an arrow. The arrow misses the adder.
The giant cockroach barely misses you. The adder bites you.
Grinder blinks!
The giant cockroach bites you but does no damage.
The adder barely misses you.
You shoot an arrow.
The arrow hits Grinder but does no damage.
The giant cockroach closely misses you. The adder bites you but does no damage.
Grinder hits you but does no damage.
You shoot an arrow. The arrow barely misses Grinder.
The giant cockroach closely misses you. The adder closely misses you.
Grinder gestures at you.
You barely resist.
The giant cockroach bites you but does no damage.
The adder closely misses you.
You shoot an arrow. The arrow closely misses Grinder.
Grinder gestures at you.
You suddenly lose the ability to move!
The adder bites you but does no damage.
The giant cockroach bites you but does no damage.
The ball python bites you. The ball python grabs you.
The ball python constricts you. Grinder gestures at you.
Pain shoots through your body! The adder bites you but does no damage.
The giant cockroach bites you but does no damage.
The ball python bites you but does no damage.
The ball python constricts you. The adder bites you but does no damage.
Grinder hits you.
You writhe in agony.
The giant cockroach bites you but does no damage.
The ball python bites you but does no damage.
The ball python constricts you. The adder bites you but does no damage.
The giant cockroach bites you. Grinder hits you but does no damage.
The ball python bites you but does no damage.
The ball python constricts you. The adder bites you but does no damage.
The giant cockroach bites you. The ball python bites you.
The ball python constricts you. Grinder hits you!
You writhe in agony.
You die...
Grinder says, "Now the real fun starts!"

#####.........?...###
........................
....#......##........#..
...............###......
...............# #...#..
.......$.......# #......
............#..# ###.###
......SS5...#..# #..).<
......B@....#..####.##..
............#.....#.# ..
?..........##.##....##..
...........%............
##...##...[.........##..
....##...............#..
.##..................#.#
..##...............# .
#...............#


You could see Grinder, an adder, a giant cockroach and a ball python.

Vanquished Creatures
  A gnoll (D:1)
  An adder (D:3)
  A ribbon worm (D:3)
  11 bats
  5 endoplasms
  A giant cockroach (D:2)
  3 goblins (D:1)
  A hobgoblin (D:1)
  6 jackals (D:1)
  6 ball pythons
  A frilled lizard (D:1)
  3 kobolds (D:1)
  3 rats (D:1)
43 creatures vanquished.

Notes
Turn   | Place    | Note
-------+----------+-------------------------------------------
     0 | D:1      | qw the Gargoyle Hunter began the quest for the Orb.
     0 | D:1      | Reached XP level 1. HP: 12/12 MP: 1/1
     0 | D:1      | 0 ||| qw: Version: 0.3-a-132-g3d54051
     0 | D:1      | 0 ||| qw: Game counter: 263
     0 | D:1      | 0 ||| qw: Melee chars always use a shield: true
     0 | D:1      | 0 ||| qw: God list: Okawaru
     0 | D:1      | 0 ||| qw: Allow faded altars: false
     0 | D:1      | 0 ||| qw: Do Orc after clearing Dungeon:15 true
     0 | D:1      | 0 ||| qw: Do second Lair branch before Depths: true
     0 | D:1      | 0 ||| qw: Lair rune preference: random
     0 | D:1      | 0 ||| qw: Goals: Normal
     0 | D:1      | 0 ||| PLANNING D:1-11
   185 | D:1      | Reached XP level 2. HP: 17/17 MP: 2/2
   465 | D:1      | Reached XP level 3. HP: 20/21 MP: 3/3
   520 | D:1      | Reached skill level 5 in Ranged Weapons
   908 | D:1      | 908 ||| UPGRADING to +0 pair of gloves.
   913 | D:1      | 913 ||| READING scroll labelled CARISAIVEIH.
   914 | D:1      | 914 ||| READING scroll labelled ITIYMEIKIPIU.
   919 | D:1      | 919 ||| READING scroll labelled YCKEPR ZUTUX.
   920 | D:1      | 920 ||| READING scroll labelled VOAGEM URODUPE.
   921 | D:1      | 921 ||| READING scroll labelled OKESUUBRATT.
   922 | D:1      | 922 ||| DROPPING scroll of butterflies.
  1226 | D:2      | 1226 ||| FLEEEEING.
  1435 | D:2      | Reached skill level 3 in Fighting
  1710 | D:2      | 1710 ||| UPGRADING to +0 pair of boots.
  1715 | D:2      | 1715 ||| UPGRADING to +0 ring mail.
  1725 | D:2      | 1725 ||| DROPPING +0 leather armour.
  1726 | D:2      | 1726 ||| UPGRADING to ring of resist corrosion.
  1727 | D:2      | 1727 ||| READING 2 scrolls labelled BATTAZ NEKLO.
  1728 | D:2      | 1728 ||| READING scroll labelled IQOZYUNYIMM.
  1729 | D:2      | 1729 ||| READING scroll labelled TOYLIU UHEU.
  1729 | D:2      | 1729 ||| BRANDING +0 shortbow.
  1730 | D:2      | 1730 ||| READING scroll labelled LESAES PADOE.
  1831 | D:2      | 1831 ||| DROPPING scroll of fear.
  1908 | D:3      | Reached skill level 1 in Armour
  1908 | D:3      | Reached XP level 4. HP: 28/28 MP: 4/4
  1911 | D:3      | Found a shimmering altar of Xom.
  1944 | D:3      | 1944 ||| SWAPPING to +0 orcbow.
  1955 | D:3      | 1955 ||| FLEEEEING.
  1976 | D:3      | 1976 ||| DROPPING +0 shortbow of flaming.
  1991 | D:3      | Noticed Grinder
  1995 | D:3      | Paralysed by Grinder for 3 turns
  2003 | D:3      | Paralysed by Grinder for 5 turns
  2006 | D:3      | HP: 1/28 [Grinder (8)]
  2006 | D:3      | Slain by Grinder

Levels and vault maps discovered:
D:1:      dpeg_arrival_round_b, layout_loops_corners
D:2:      layout_loops_corners, nrook_mini_vaults
D:3:      layout_rooms, lemuel_coloured_pillars_altar,
          dilly_ecumenical_altar_fadedgnrine, uniq_grinder

Skill      XL: |  1  2  3 |
---------------+----------+-----
Ranged Weapons | 5 |  5.1
Fighting       | 3 |  3.0
Armour         | 1 |  1.0
Dodging        | |  1.5
Stealth        | |  1.1

Action                     |  1- 3 |  4- 6 || total
---------------------------+-------+-------++-------
   Fire: Shortbow          |   113 |     1 ||   114
         Orcbow            |       |    18 ||    18
    Use: Scroll            |     9 |       ||     9
 Armour: Leather armour    |    46 |       ||    46
         Ring mail         |       |    34 ||    34
  Dodge: Dodged            |    49 |    14 ||    63

Table legend:
 A = Non-vault XP
 B = Vault XP
 C = Vault XP percentage of total XP
 D = Non-vault monster count
 E = Vault monster count
 F = Vault count percentage of total count
                 A         B        C        D         E       F
            +---------+---------+-------+---------+---------+-------
      Total |      96 |       0 |   0.0 |      43 |       0 |   0.0
            +---------+---------+-------+---------+---------+-------
        D:1 |      55 |       0 |   0.0 |      27 |       0 |   0.0
        D:2 |      20 |       0 |   0.0 |      11 |       0 |   0.0
        D:3 |      21 |       0 |   0.0 |       5 |       0 |   0.0
            +---------+---------+-------+---------+---------+-------
